Map: Pylon LE

Players

NetMecH

  • Race: Terran Terran
  • League: Master
  • Spawn Location: 11:00

Wingent - Winner!

  • Race: Protoss Protoss
  • League: Master
  • Spawn Location: 5:00

VOD

Have the link to the VOD?

Description

Time

  • Played on: Aug. 13, 2025, 7:18 p.m.
  • Length: 8:11
Show
View Real Time Build Order
Export as new Build Order

NetMecH Terran 

Build Orders:  

Get SALT Encoding   

  12  0:00  SCV  
  13  0:12  SCV  
  14  0:17  Supply Depot  
  14  0:24  SCV  
  15  0:38  SCV  
  15  0:40  Barracks  
  16  0:47  Refinery  
  16  0:51  SCV  
  17  1:03  SCV  
  18  1:15  SCV, Supply Depot  
  19  1:27  SCV  
  20  1:35  Command Center  
  20  1:39  Marine  
  21  1:49  Orbital Command  
  21  2:06  Barracks Tech Lab  
  21  2:13  Barracks  
  21  2:15  SCV  
  22  2:22  Bunker  
  22  2:27  Concussive Shells, SCV, Marauder  
  25  2:39  SCV  
  26  2:49  Factory, Orbital Command  
  26  2:51  SCV  
  26  2:56  Marauder  
  29  3:01  Barracks Reactor  
  29  3:03  SCV  
  30  3:07  Engineering Bay  
  30  3:14  Refinery  
  30  3:15  SCV  
  30  3:16  SCV  
  32  3:20  Marine  
  33  3:28  SCV x2  
  33  3:31  Stimpack  
  35  3:37  Missile Turret  
  35  3:40  SCV x2, Marine x2  
  39  3:48  Supply Depot  
  39  3:52  SCV x2  
  39  3:54  Missile Turret  
  41  3:57  Marine  
  41  4:01  Starport  
  42  4:04  SCV x2  
  42  4:08  Marine  
  42  4:09  Marine  
  45  4:16  SCV x2  
  47  4:18  Marine, Factory Reactor  
  47  4:19  Refinery  
  48  4:24  Supply Depot  
  48  4:25  Supply Depot  
  48  4:28  SCV, Marine x2  
  48  4:30  SCV  
  52  4:40  SCV  
  52  4:43  Marine, Command Center  
  54  4:46  SCV, Marine  
  54  4:52  SCV  
  57  4:55  Marine  
  57  4:57  Medivac x2  
  57  4:58  SCV  
  63  5:00  Supply Depot  
  63  5:01  Marine  
  63  5:04  SCV  
  64  5:09  Supply Depot  
  64  5:12  Combat Shield  
  64  5:13  SCV  
  65  5:16  Marine x2  
  65  5:19  Marine  
  69  5:21  SCV  
  69  5:26  SCV  
  70  5:34  Marine  
  70  5:35  SCV, Bunker  
  72  5:36  Medivac  
  72  5:37  Hellion  
  72  5:39  Marine  
  72  5:40  Barracks  
  77  5:45  SCV  
  77  5:56  Marine  
  64  5:59  Marine  
  52  6:07  Marine, Medivac  
  52  6:08  Hellion  
  51  6:13  Marine  
  51  6:17  Marine  
  46  6:24  Marine  
  47  6:31  Marine  
  48  6:34  Orbital Command  
  48  6:35  Orbital Command  
  44  6:43  Marauder  
  40  6:49  Medivac  
  41  7:04  Marauder  
  43  7:11  Barracks  
  43  7:13  SCV  
  44  7:18  SCV x2  
  44  7:21  Barracks Reactor  
  46  7:25  SCV, Marine  
  48  7:30  Engineering Bay  
  48  7:35  SCV  
  49  7:39  SCV x2  
  51  7:47  SCV  
  52  7:51  SCV x2, Marine  
Show
View Real Time Build Order
Export as new Build Order

Wingent Protoss - Winner!

Build Orders: 1 Gate Expand, Zealot Archon, Dark Templar Rush 

Get SALT Encoding   

  12  0:00  Probe  
  13  0:13  Probe  
  14  0:18  Pylon  
  14  0:24  Probe  
  15  0:33  Probe  
  15  0:36  Gateway  
  15  0:41  Probe  
  16  0:46  Assimilator  
  17  0:51  Probe  
  18  1:03  Probe  
  19  1:15  Probe  
  20  1:24  Cybernetics Core  
  20  1:37  Nexus  
  20  1:42  Pylon  
  20  1:44  Probe  
  21  1:49  Assimilator  
  21  1:53  Adept  
  21  1:56  Probe  
  24  2:05  Warp Gate  
  24  2:08  Probe  
  25  2:20  Adept, Probe  
  28  2:30  Twilight Council  
  28  2:33  Probe  
  29  2:38  Shield Battery  
  29  2:45  Probe x2  
  29  2:49  Stalker  
  31  2:53  Probe  
  31  2:57  Probe  
  35  3:00  Charge  
  35  3:03  Probe  
  35  3:06  Gateway  
  35  3:09  Probe  
  37  3:15  Probe  
  38  3:21  Probe  
  38  3:26  Robotics Facility  
  39  3:30  Probe  
  39  3:33  Probe  
  39  3:34  Pylon  
  41  3:42  Probe, Gateway  
  41  3:45  Probe  
  43  3:49  Pylon  
  43  3:50  Dark Shrine  
  43  3:58  Gateway  
  43  4:01  Zealot  
  45  4:03  Zealot  
  47  4:11  Warp Prism  
  47  4:14  Gateway  
  47  4:17  Gateway  
  47  4:24  Probe  
  50  4:25  Probe  
  51  4:33  Zealot  
  51  4:37  Sentry, Pylon  
  55  4:39  Zealot  
  55  4:45  Pylon  
  57  4:59  Zealot x2  
  61  5:00  Zealot  
  61  5:05  Zealot  
  65  5:10  Zealot  
  65  5:11  Pylon  
  67  5:22  Nexus  
  67  5:24  Zealot x3  
  73  5:40  Dark Templar x3  
  79  5:49  Zealot x3  
  83  5:52  Probe x2  
  68  6:04  Probe x2  
  67  6:13  Zealot  
  67  6:14  Zealot x5  
  67  6:16  Probe x2  
  73  6:28  Probe x2  
  73  6:31  Robotics Bay  
  73  6:34  Forge  
  73  6:40  Zealot x3  
  73  6:41  Zealot  
  73  6:49  Immortal  
  73  6:52  Zealot x2  
  77  6:57  Probe x3  
  84  7:08  Dark Templar  
  84  7:09  Dark Templar  
  84  7:10  Zealot x2  
  84  7:12  Sentry  
  94  7:17  Zealot  
  94  7:19  Probe x3  
  94  7:21  Pylon  
  99  7:25  Pylon  
  97  7:32  Dark Templar  
  97  7:35  Archon  
  97  7:36  Archon  
  99  7:37  Zealot  
  99  7:39  Zealot x2  
  99  7:41  Zealot x2  
  109  7:45  Probe x2  
  109  7:48  Assimilator  
  109  7:50  Assimilator  
  111  7:53  Pylon  
  111  7:55  Gateway  
  111  8:00  Zealot x3  
Tags
 
Add a new tag
Caveats
  • Supply blocks, unpowered buildings, or Contaminate may cause inaccurate times.
  • Supply counts are checked every 10 seconds.